 Dungeon Crawl Stone Soup version 0.30-a0-305-g026cb31310 (webtiles) character file.

Game seed: 2682090695507079598

183194 Zonian the Warrior (level 18, -1/159 HPs)
             Began as a Djinni Ice Elementalist on Oct 22, 2022.
             Was a High Priest of Ashenzari.
             Slain by an alligator snapping turtle (31 damage)
             ... on level 3 of the Shoals on Oct 23, 2022.
             The game lasted 02:18:36 (44950 turns).

Zonian the Warrior (Djinni Ice Elementalist)       Turns: 44950, Time: 02:18:36

Health: -1/159     AC: 16    Str: 15    XL:     18   Next: 62%
Gold:   827        EV: 15    Int: 22    God:    Ashenzari [*****.] SH: 10 Dex: 18

rFire   + + .      SeeInvis +    K - +7 flail (vamp)
rCold   . . .      Faith    .    W - +0 buckler "Ensconced With Me" {Self, Melee} (curse)
rNeg    . . .      Spirit   .    y - +1 scale mail of Panopticon {rC+, Self, Evo} (curse)
rPois   ∞          Reflect  +    Q - +1 helmet "Gnostic Fortune-Teller" {Cun, Evo} (curse)
rElec   .          Harm     .    R - scarf "Astral Pragmatism" {repulsion, Evo, Self} (curse)
rCorr   .          Rampage  .    G - +0 pair of fencer's gloves {Riposte Dex+3, Self, Melee} (curse)
Will    +....      Clarity  +    (boots unavailable)
Stlth   +++++.....               c - amulet of Desmomancy {Reflect SH+5, Range, Melee} (curse)
HPRegen 0.46/turn                M - ring of the Chained Fallacy {Str+6, Cun, Fort} (curse)
MPRegen 0.00/turn                n - ring of Panopticon {AC+4, Melee, Self} (curse)

@: death channelling, flying, studying 3 skills, repel missiles
A: sickness immunity, fire resistance 2, cold vulnerability 1, float, innate
caster, HP casting, extra vitality 1
}: 1/15 runes: serpentine
a: Renounce Religion, Curse Item, Shatter the Chains


You were on level 3 of the Shoals.
You worshipped Ashenzari.
Ashenzari was extremely pleased with you.
You visited 6 branches of the dungeon, and saw 30 of its levels.
You also visited: Sewer and Gauntlet.

You collected 2272 gold pieces.
You spent 1445 gold pieces at shops.

Inventory:

Hand Weapons
 a - the +10 long sword "Aluc" {freeze, rPois Dex+2}
   (You found it on level 5 of the Lair of Beasts)

   It freezes those it strikes, dealing additional cold damage.
   It can also slow down cold-blooded creatures.
   Dex:       It affects your dexterity (+2).
   rPois:     It protects you from poison.
 D - a +7 sling
 K - a +7 vampiric flail (weapon)
 Z - the +7 flail of Xom's Hope {speed, Dex+5}
   (You found it on level 12 of the Dungeon)

   Attacks with this weapon are significantly faster.
   Dex:       It affects your dexterity (+5).
Missiles
 h - 5 throwing nets
 q - 53 poisoned darts
 L - 4 datura-tipped darts
 N - 46 boomerangs
 T - 4 silver javelins
Armour
 y - the cursed +1 scale mail of Panopticon (worn) {rC+, Self, Evo}
   (You took it off Rupert on level 4 of the Lair of Beasts)

   It has a curse which improves the following skills: Introspection: Fighting
   and Spellcasting.
   Evocations: Evocations.
 G - the cursed +0 pair of fencer's gloves (worn) {Riposte Dex+3, Self, Melee}
   (You bought it in a shop on level 10 of the Dungeon)

   It allows the wearer to riposte with melee weapons, swiftly retaliating
   against missed or blocked melee attacks.
   Dex:       It affects your dexterity (+3).
   It has a curse which improves the following skills: Introspection: Fighting
   and Spellcasting.
   Melee Combat: Short Blades, Long Blades, Axes, Maces & Flails, Polearms,
   Staves and Unarmed Combat.
 Q - the cursed +1 helmet "Gnostic Fortune-Teller" (worn) {Cun, Evo}
   (You took it off Robin on level 2 of the Dungeon)

   It has a curse which improves the following skills: Cunning: Dodging and
   Stealth.
   Evocations: Evocations.
 R - the cursed scarf "Astral Pragmatism" (worn) {repulsion, Evo, Self}
   (You found it on level 6 of the Dungeon)

   It has a curse which improves the following skills: Evocations: Evocations.
   Introspection: Fighting and Spellcasting.
 W - the cursed +0 buckler "Ensconced With Me" (worn) {Self, Melee}
   (You found it on level 2 of the Lair of Beasts)

   It has a curse which improves the following skills: Introspection: Fighting
   and Spellcasting.
   Melee Combat: Short Blades, Long Blades, Axes, Maces & Flails, Polearms,
   Staves and Unarmed Combat.
Jewellery
 c - the cursed amulet of Desmomancy (around neck) {Reflect SH+5, Range, Melee}
   (You found it on level 1 of the Dungeon)

   [amulet of reflection]

   It reflects blocked missile attacks.
   SH:        It affects your SH (+5).
   It has a curse which improves the following skills: Ranged Combat: Ranged
   Weapons and Throwing.
   Melee Combat: Short Blades, Long Blades, Axes, Maces & Flails, Polearms,
   Staves and Unarmed Combat.
 f - the ring of Boet {Wiz rF- rC+ Will++ Dex+2}
   (You found it in a Gauntlet)

   [ring of wizardry]

   It improves your spell success rate.
   Dex:       It affects your dexterity (+2).
   rF:        It makes you vulnerable to fire.
   rC:        It protects you from cold.
   Will:      It greatly increases your willpower.
 j - a +4 ring of evasion
 n - the cursed ring of Panopticon (right hand) {AC+4, Melee, Self}
   (You found it on level 3 of the Dungeon)

   [ring of protection]

   AC:        It affects your AC (+4).
   It has a curse which improves the following skills: Melee Combat: Short
   Blades, Long Blades, Axes, Maces & Flails, Polearms, Staves and Unarmed
   Combat.
   Introspection: Fighting and Spellcasting.
 s - an amulet of the acrobat
 z - a ring of ice
 F - the ring "Cagus" {Fly rElec SInv Stlth-}
   (You found it on level 5 of the Lair of Beasts)

   [ring of flight]

   rElec:     It insulates you from electricity.
   SInv:      It lets you see invisible.
   Fly:       It grants you flight.
   Stlth:     It makes you less stealthy.
 J - a ring of ice
 M - the cursed ring of the Chained Fallacy (left hand) {Str+6, Cun, Fort}
   (You took it off a gnoll on level 8 of the Dungeon)

   [ring of strength]

   Str:       It affects your strength (+6).
   It has a curse which improves the following skills: Cunning: Dodging and
   Stealth.
   Fortitude: Armour and Shields.
 V - a ring of protection from fire
Wands
 m - a wand of acid (5)
 o - a wand of paralysis (10)
 p - a wand of polymorph (4)
 t - a wand of flame (34)
 v - a wand of iceblast (8)
 x - a wand of mindburst (10)
Scrolls
 b - 9 scrolls of fear
 k - 9 scrolls of immolation
 u - 2 scrolls of blinking
 w - 4 scrolls of magic mapping
 A - a scroll of silence
 S - 2 scrolls of butterflies
 U - 2 scrolls of poison
 X - 4 scrolls of enchant armour
 Y - 3 scrolls of teleportation
Potions
 d - 2 potions of ambrosia
 e - 15 potions of curing
 g - a potion of haste
 l - a potion of berserk rage
 r - 5 potions of heal wounds
 B - 3 potions of brilliance
 E - 2 potions of invisibility
 H - 6 potions of might
 I - 6 potions of mutation
 O - 4 potions of cancellation
Miscellaneous
 i - a lightning rod (4/4)
 C - a box of beasts


   Skills:
 + Level 17.8(24.0) Fighting
 - Level 10.5(16.0) Maces & Flails
 - Level 3.9(6.0) Ranged Weapons
 - Level 3.9(6.0) Armour
 - Level 7.7(11.2) Dodging
 + Level 13.5(16.9) Stealth
 - Level 1.7(3.3) Shields
 + Level 15.2(21.5) Spellcasting
 + Level 11.0(15.5) Evocations


You had 18 spell levels left.
You knew the following spells:

 Your Spells              Type           Power      Damage    Failure   Level
a - Freeze                Ice            100%       1d10      0%          1
b - Frozen Ramparts       Ice            100%       1d16      0%          3
c - Ozocubu's Armour      Ice            87%        N/A       0%          3
d - Summon Ice Beast      Ice/Summ       87%        N/A       0%          4
e - Foxfire               Conj/Fire      100%       2x1d9     0%          1
f - Blink                 Tloc           100%       N/A       0%          2
g - Lesser Beckoning      Tloc           100%       N/A       0%          3
h - Summon Lightning Spi  Summ/Air       87%        N/A       0%          4
i - Animate Armour        Summ/Erth      100%       N/A       0%          4
j - Silence               Hex/Air        43%        N/A       1%          5
k - Death Channel         Necr           43%        N/A       1%          6
l - Simulacrum            Ice/Necr       43%        N/A       1%          6
Your spell library was empty.

Dungeon Overview and Level Annotations

Branches:
Dungeon (15/15)            Temple (1/1) D:5            Lair (5/5) D:9
 Shoals (3/4) Lair:2        Snake (4/4) Lair:2        Slime (0/5) Lair:4
    Orc (2/2) D:11            Elf (0/3) Orc:2        Vaults (0/5) D:14
 Depths (0/4) D:15          Sewer (visited)         Gauntlet (visited)

Altars:
Ashenzari
Cheibriados
Dithmenos
Elyvilon
Fedhas
Gozag
Hepliaklqana
Makhleb
Nemelex Xobeh
Okawaru
Qazlal
Ru
Trog
Uskayaw
Wu Jian
Xom
Yredelemnul
Zin
The Shining One
Jiyva

Shops:
D:10 [   Orc:2 **([   Shoals:2 [   Snake:3 !

Annotations:
D:10 2 transporters
D:12 3 runed translucent doors, idiolect's ghost, journeyman TrWr
Lair:1 3 runed translucent doors, exclusion: door, Lutem's ghost, journeyman MiFi
Lair:2 2 transporters, brightshaft's ghost, journeyman MiMo


Innate Abilities, Weirdness & Mutations

You are immune to sickness and miasma.
You are immune to poison.
Your flesh is very heat resistant. (rF++)
You are vulnerable to cold. (rC-)
You float through the air rather than walking.
You learn spells naturally, not from books.
Your magical power is your life essence.
You have superior vitality. (+4 MHP)


Message History

* * * LOW HITPOINT WARNING * * *
Your ice beast disappears in a puff of smoke!
Unknown command.
Aiming: Corrosive Bolt
Press: ? - help, Shift-Dir - straight line, f - alligator snapping turtle
Aim: an alligator snapping turtle (heavily wounded, lightly drained, 100% to hit)
The bolt of acid hits the alligator snapping turtle!
The acid corrodes the alligator snapping turtle!
The alligator snapping turtle is heavily wounded.
The bolt of acid hits the alligator snapping turtle.
The acid corrodes the alligator snapping turtle!
The alligator snapping turtle is lightly wounded.
Casting: Blink (safe; 0% risk of failure)
Confirm with . or Enter, or press ? or * to list all spells.
You blink.
* * * LOW HITPOINT WARNING * * *
Unknown command.
Aiming: Corrosive Bolt
Press: ? - help, Shift-Dir - straight line, f/p - alligator snapping turtle
Aim: an alligator snapping turtle (water, heavily wounded, covered in acid, lightly drained, 100% to hit)
The bolt of acid hits the alligator snapping turtle!!
The alligator snapping turtle seems to be corroded for longer.
The alligator snapping turtle is severely wounded.
Aiming: Corrosive Bolt
Press: ? - help, Shift-Dir - straight line, f/p - alligator snapping turtle
Aim: an alligator snapping turtle (water, severely wounded, covered in acid, lightly drained, 100% to hit)
The bolt of acid hits the alligator snapping turtle!!
The alligator snapping turtle is severely wounded.
The alligator snapping turtle bites you from afar.
* * * LOW HITPOINT WARNING * * *
Aiming: Corrosive Bolt
Press: ? - help, Shift-Dir - straight line, f/p - alligator snapping turtle
Aim: an alligator snapping turtle (water, severely wounded, covered in acid, lightly drained, 100% to hit)
The bolt of acid hits the alligator snapping turtle!!
The alligator snapping turtle is almost dead.
The bolt of acid hits the alligator snapping turtle!
The alligator snapping turtle seems to be corroded for longer.
The alligator snapping turtle is lightly wounded.
The alligator snapping turtle bites you from afar!!
You die...

, ,
,~P.P≈≈~P~~P~.~~~...... ,
.~~~~P≈≈≈≈≈≈P~..~~~~.... ,
, .~~~≈≈≈≈≈≈≈≈≈~~~§≈~.....
,,,
...~≈≈≈≈≈≈≈≈≈≈≈≈≈≈~..... ,
, ....≈≈≈≈≈≈≈≈≈≈≈≈≈≈~.####
,,
~~~~≈≈≈≈≈≈t≈≈≈≈≈~~..###^
,,,
~~~≈≈≈≈≈≈t≈≈≈≈≈~........
,~~≈≈≈≈≈≈≈≈≈≈≈≈≈≈~~.......
~~ ~~
≈≈≈≈≈≈≈@≈≈≈≈≈≈≈~~~~..... ~
≈≈≈≈≈≈≈≈≈≈≈≈≈≈≈≈≈~...~.. ~
~
~≈≈≈≈≈≈≈≈≈≈≈≈≈≈≈≈≈~~~~~~.
~ ~~ ~~
≈≈≈≈≈≈≈≈≈≈≈≈≈≈≈≈≈≈≈~~~~~ ~
~≈≈≈≈≈≈≈≈≈≈≈≈≈≈≈≈≈≈≈≈≈≈≈~
~
~≈≈≈≈≈≈≈≈≈≈≈≈≈≈≈≈≈≈≈≈≈≈≈≈
~ ≈≈≈≈≈≈≈≈≈≈≈≈≈≈≈≈≈≈≈≈≈≈≈≈
~ ~
≈≈≈≈≈≈≈≈≈≈≈≈≈≈≈≈≈≈≈≈≈≈≈≈ ~
~ ~~~ ~ ~~~~ ~ ~~ ~~ ~


You could see 2 alligator snapping turtles.

Vanquished Creatures
  Rupert (Lair:4)
  Frances (Snake:1)
  2 nagarajas
  The ghost of Ekaitz the Black Sun, a journeyman DsNe of Kikubaaqudgha (Snake:1)
  Josephine (Lair:3)
  5 hydras
  Erolcha (D:10)
  4 salamander tyrants
  4 two-headed ogres
  4 anacondas
  4 boulder beetles
  4 centaur warriors
  Erica (D:8)
  An ogre mage (D:14)
  A death knight (D:15)
  5 naga warriors
  10 death yaks
  Urug (Orc:1)
  4 naga sharpshooters
  An orc high priest (Orc:2)
  2 shock serpents
  Nergalle (D:12)
  3 skeletal warriors
  6 salamander mystics
  5 sea snakes
  2 naga ritualists
  A deep elf archer (D:14)
  8 orc knights
  A necromancer (D:15)
  2 deep elf zephyrmancers (D:14)
  A wizard (D:15)
  2 orc sorcerers (D:15)
  4 mana vipers
  2 deep elf pyromancers
  5 ugly things
  3 fauns
  7 manticores
  5 cyclopes
  13 salamanders
  6 elephants
  2 guardian serpents
  A centaur zombie (D:15)
  A water nymph (Shoals:1)
  5 merfolk sirens
  A gargoyle (D:13)
  5 centaur skeletons
  26 black mambas
  Joseph (D:7)
  13 cane toads
  A demonic crawler (Lair:4)
  6 naga magi
  2 tengu conjurers (D:14)
  3 rime drakes
  7 komodo dragons
  8 yaktaurs
  9 merfolk
  10 polar bears
  6 trolls
  3 wind drakes
  7 snapping turtles
  5 blink frogs
  9 dream sheep
  A jumping spider (Gauntlet)
  3 water elementals
  A spriggan (Lair:2)
  A centaur simulacrum (D:15)
  7 wraiths
  62 yaks
  2 vampires
  5 wyverns
  4 shadows
  8 vampire mosquitoes
  A steam dragon (D:9)
  19 nagas
  Menkaure (D:5)
  5 wargs
  2 swamp worms (Lair:5)
  14 water moccasins
  2 acid dragons
  5 black bears
  2 ice beasts (D:6)
  28 orc warriors
  8 ogres
  20 wolves
  12 centaurs
  3 kobold brigands
  10 bullfrogs
  5 gnoll sergeants
  2 necrophages
  8 scorpions
  5 wights
  3 killer bees (D:8)
  3 howler monkeys (D:8)
  2 electric eels (Lair:4)
  2 hounds
  Crazy Yiuf (D:4)
  2 gnoll boudas (D:7)
  4 orc priests
  Terence (D:2)
  4 iguanas
  16 orc wizards
  Robin (D:2)
  31 gnolls
  8 adders
  2 shadow imps
  An ufetubus (D:6)
  4 worms
  12 dart slugs
  64 orcs
  7 bats
  4 endoplasms
  3 giant cockroaches
  11 goblins
  11 hobgoblins
  7 jackals
  4 quokkas
  5 ball pythons
  3 frilled lizards (D:1)
  16 kobolds
  4 rats
748 creatures vanquished.

Vanquished Creatures (collateral kills)
  Jorgrun (Shoals:3)
  A nagaraja (Snake:4)
  An entropy weaver (Gauntlet)
  Fannar (Orc:2)
  A salamander tyrant (Snake:4)
  A hydra (D:13)
  A catoblepas (Lair:5)
  An alligator snapping turtle (Shoals:1)
  4 anacondas
  2 boulder beetles
  A merfolk aquamancer (Shoals:1)
  3 centaur warriors
  A two-headed ogre (D:10)
  A merfolk avatar (Shoals:1)
  A deep troll shaman (Lair:5)
  4 death yaks
  3 naga warriors
  4 slime creatures (D:15)
  4 naga sharpshooters
  2 naga ritualists
  A sea snake (Shoals:3)
  An orc knight (D:15)
  An ugly thing (D:15)
  2 mana vipers
  6 salamanders
  3 oklob plants (Lair:4)
  2 manticores
  6 fauns
  A centaur zombie (D:15)
  5 black mambas
  An elephant (Lair:5)
  A gargoyle (D:14)
  A torpor snail (Gauntlet)
  3 merfolk sirens
  A naga mage (Snake:3)
  Psyche (D:11)
  A cane toad (Lair:2)
  A tengu conjurer (D:14)
  A merfolk (Shoals:2)
  A polar bear (Lair:4)
  A tyrant leech (Lair:5)
  A wolf spider simulacrum (D:13)
  A snapping turtle (Shoals:2)
  A dream sheep (Shoals:2)
  3 water elementals (Shoals:1)
  4 yaks
  A basilisk (Lair:5)
  8 nagas
  2 wargs (Orc:2)
  8 orc warriors
  A black bear (Lair:5)
  3 ogres
  5 centaurs (D:14)
  A kobold brigand (D:11)
  2 bullfrogs
  A wight (D:7)
  A gnoll bouda (D:7)
  3 gnolls
  17 orcs
  2 foxfires
144 creatures vanquished.

Vanquished Creatures (others)
  A centaur skeleton (D:15)
  A water moccasin (Lair:5)
  An orc warrior (Orc:1)
  An orc (Orc:1)
  570 foxfires
  44 fungi
  94 plants
712 creatures vanquished.

Grand Total: 1604 creatures vanquished

Notes
Turn   | Place    | Note
-------+----------+-------------------------------------------
     0 | D:1      | Zonian the Djinni Ice Elementalist began the quest for the
                  | Orb.
     0 | D:1      | Zonian set off with the following spells memorised: Freeze,
                  | Frozen Ramparts, Ozocubu's Armour, Summon Ice Beast.
     0 | D:1      | Reached XP level 1. HP: 15/15 MP: 0/0
   182 | D:1      | Reached XP level 2. HP: 21/21 MP: 0/0
   626 | D:1      | Reached XP level 3. HP: 19/25 MP: 0/0
   626 | D:1      | Learned a level 1 spell: Foxfire
   916 | D:2      | Noticed Terence
  1262 | D:2      | Noticed Robin
  1272 | D:2      | Killed Robin
  1273 | D:2      | Reached XP level 4. HP: 14/31 MP: 0/0
  1722 | D:2      | Found a faded altar of an unknown god.
  2662 | D:3      | Reached XP level 5. HP: 35/35 MP: 0/0
  2662 | D:3      | Learned a level 2 spell: Blink
  3107 | D:3      | Found a hide-covered altar of Uskayaw.
  3227 | D:4      | Found an iron altar of Okawaru.
  3402 | D:4      | Reached XP level 6. HP: 26/40 MP: 0/0
  3669 | D:4      | Found a runed translucent door.
  3670 | D:4      | Noticed Crazy Yiuf
  4240 | D:4      | Paralysed by Crazy Yiuf for 4 turns
  4246 | D:4      | Killed Crazy Yiuf
  4389 | D:5      | Entered Level 5 of the Dungeon
  4407 | D:5      | Found a staircase to the Ecumenical Temple.
  4429 | Temple   | Entered the Ecumenical Temple
  4544 | Temple   | Became a worshipper of Ashenzari the Shackled
  4591 | D:5      | Found a glowing drain.
  4608 | Sewer    | Entered a sewer
  4757 | Sewer    | Noticed a water moccasin
  4761 | Sewer    | Killed a water moccasin
  4762 | Sewer    | Reached XP level 7. HP: 42/45 MP: 0/0
  4762 | Sewer    | Learned a level 3 spell: Lesser Beckoning
  4905 | D:5      | Noticed Menkaure
  4931 | D:5      | Killed Menkaure
  4932 | D:5      | Reached skill level 5 in Dodging
  5319 | D:5      | Reached XP level 8. HP: 50/50 MP: 0/0
  5478 | D:6      | Found a snail-covered altar of Cheibriados.
  5487 | D:6      | Found an ornate altar of the Wu Jian Council.
  5634 | D:6      | Reached skill level 5 in Spellcasting
  5762 | D:6      | Reached skill level 5 in Stealth
  5827 | D:6      | Found a stormy altar of Qazlal.
  5856 | D:6      | Found a large runed translucent door.
  5865 | D:6      | Found a large runed translucent door.
  5871 | D:6      | Reached * piety under Ashenzari
  6201 | D:6      | Identified the +2 robe of Void {rC- Int+5}
  6343 | D:6      | Reached ** piety under Ashenzari
  6361 | D:6      | Reached XP level 9. HP: 51/55 MP: 0/0
  6361 | D:6      | Learned a level 4 spell: Summon Lightning Spire
  6615 | D:6      | Found a shimmering altar of Xom.
  6626 | D:6      | Found a blossoming altar of Fedhas.
  6792 | D:7      | Noticed Joseph
  6826 | D:7      | Found a sacrificial altar of Ru.
  7459 | D:7      | Killed Joseph
  7460 | D:7      | Reached skill level 2 in Fighting
  7921 | D:7      | Reached skill level 3 in Fighting
  9070 | D:8      | Reached XP level 10. HP: 60/69 MP: 0/0
  9163 | D:8      | Reached skill level 4 in Fighting
  9532 | D:8      | Found a sparkling altar of Nemelex Xobeh.
  9620 | D:8      | Found a glowing golden altar of the Shining One.
  9623 | D:8      | Found a white marble altar of Elyvilon.
  9644 | D:8      | Noticed Erica
  9649 | D:8      | Reached skill level 5 in Fighting
  9652 | D:8      | Killed Erica
 10240 | D:8      | Reached skill level 6 in Fighting
 10417 | D:2      | Reached *** piety under Ashenzari
 10462 | D:2      | Killed Terence
 11098 | D:9      | Reached skill level 1 in Maces & Flails
 11504 | D:9      | Reached XP level 11. HP: 72/82 MP: 0/0
 11504 | D:9      | Learned a level 4 spell: Animate Armour
 11613 | D:9      | Reached skill level 7 in Fighting
 12165 | D:9      | Reached skill level 5 in Maces & Flails
 12217 | D:9      | Found a staircase to the Lair.
 12231 | Lair:1   | Entered Level 1 of the Lair of Beasts
 12275 | Lair:1   | Reached skill level 8 in Fighting
 12992 | Lair:1   | Reached XP level 12. HP: 78/94 MP: 0/0
 13164 | Lair:1   | Reached skill level 9 in Fighting
 14088 | Lair:1   | Reached **** piety under Ashenzari
 14240 | Lair:1   | Found a runed translucent gate.
 14240 | Lair:1   | Found a runed translucent gate.
 14241 | Lair:1   | Found a runed translucent gate.
 14241 | Lair:1   | Noticed Lutem's ghost (journeyman MiFi)
 14245 | Lair:1   | Noticed a glowing orange brain
 14247 | Lair:1   | Identified a scroll of acquirement
 14275 | Lair:1   | Found a viscous altar of Jiyva.
 14875 | Lair:2   | Found a transporter.
 14910 | Lair:2   | Reached ***** piety under Ashenzari
 14920 | Lair:2   | Found a transporter.
 15093 | Lair:2   | Reached skill level 10 in Fighting
 15101 | Lair:2   | Reached skill level 10 in Spellcasting
 15652 | Lair:2   | Found a staircase to the Snake Pit.
 15864 | Lair:2   | Noticed a spriggan rider
 15867 | Lair:2   | Noticed a spriggan rider
 15869 | Lair:2   | Noticed brightshaft's ghost (journeyman MiMo)
 15888 | Lair:2   | Found a bloodstained altar of Trog.
 15929 | Lair:2   | Found a staircase to the Shoals.
 16189 | Lair:2   | Reached skill level 1 in Shields
 16254 | Lair:2   | Reached XP level 13. HP: 108/111 MP: 0/0
 16254 | Lair:2   | Learned a level 5 spell: Silence
 16454 | Lair:2   | Identified the ring of Yheushre {Wiz rCorr Slay+3}
 16508 | Lair:2   | Reached skill level 11 in Fighting
 16841 | Lair:3   | Noticed Josephine
 16876 | Lair:3   | Noticed a five-headed hydra
 17127 | Lair:3   | Killed Josephine
 17535 | Lair:3   | Killed a five-headed hydra
 17865 | Lair:3   | Noticed an eight-headed hydra
 17877 | Lair:3   | Killed an eight-headed hydra
 18244 | Lair:4   | Reached skill level 12 in Fighting
 18620 | Lair:4   | Noticed Rupert
 18871 | Lair:4   | Found a staircase to the Slime Pits.
 19044 | Lair:4   | Found a viscous altar of Jiyva.
 19070 | Lair:4   | Reached skill level 1 in Evocations
 19616 | Lair:4   | Killed Rupert
 19642 | Lair:4   | Identified the +1 leather armour of Bitterness {+Inv rF+}
 20735 | Lair:5   | Entered Level 5 of the Lair of Beasts
 20738 | Lair:5   | Identified the +10 long sword "Aluc" {freeze, rPois Dex+2}
 21018 | Lair:4   | Reached skill level 1 in Armour
 21263 | Lair:5   | Noticed a six-headed hydra
 21270 | Lair:5   | Killed a six-headed hydra
 21271 | Lair:5   | Reached XP level 14. HP: 117/121 MP: 0/0
 21733 | Lair:5   | Reached skill level 13 in Fighting
 25300 | Lair:5   | Identified the ring "Cagus" {Fly rElec SInv Stlth-}
 25307 | Lair:5   | Reached skill level 14 in Fighting
 25763 | D:10     | Entered Level 10 of the Dungeon
 25847 | D:10     | Found Teorphuqa's Antique Armour Emporium.
 25858 | D:10     | Bought the +0 pair of fencer's gloves {Riposte Dex+3} for
                  | 640 gold pieces
 25858 | D:10     | Found the +0 pair of fencer's gloves {Riposte Dex+3}
 26000 | D:10     | Identified the +0 cloak of the Old and Reckless {*Corrode
                  | rF+ Will+}
 26002 | D:10     | Found a transporter.
 26180 | D:10     | Noticed Erolcha
 26203 | D:10     | Killed Erolcha
 26331 | D:10     | Found a transporter.
 26651 | D:11     | Noticed Psyche
 26922 | D:11     | Killed Psyche
 27050 | D:11     | Reached XP level 15. HP: 116/132 MP: 0/0
 27050 | D:11     | Learned a level 6 spell: Death Channel
 27120 | D:11     | Found a staircase to the Orcish Mines.
 27224 | D:11     | Identified the Quarto of Darkness
 27484 | D:12     | Identified the +7 flail of Xom's Hope {speed, Dex+5}
 27623 | D:12     | Found a runed translucent gate.
 27623 | D:12     | Found a runed translucent gate.
 27623 | D:12     | Found a runed translucent gate.
 27625 | D:12     | Noticed idiolect's ghost (journeyman TrWr)
 27663 | D:12     | Found a gate leading to a gauntlet.
 27739 | Gauntlet | Entered a Gauntlet
 27739 | Gauntlet | Found a transporter.
 27749 | Gauntlet | Found a transporter.
 27750 | Gauntlet | Found a transporter.
 27751 | Gauntlet | Identified the ring of Boet {Wiz rF- rC+ Will++ Dex+2}
 27754 | Gauntlet | Found a transporter.
 27788 | Gauntlet | Found a transporter.
 27801 | Gauntlet | Found a transporter.
 27801 | Gauntlet | Found the macabre finger necklace {rN+}
 27805 | Gauntlet | Found a transporter.
 27819 | Gauntlet | Identified the amulet of Ixkelupt {Regen+ Int+4}
 27821 | Gauntlet | Found a transporter.
 27836 | Gauntlet | Found a transporter.
 27839 | Gauntlet | Identified the +0 pair of boots of Debb {rElec Regen+}
 27853 | Gauntlet | Found a transporter.
 27857 | Gauntlet | Found a transporter.
 27879 | Gauntlet | Found a transporter.
 28123 | Gauntlet | Acquired a manual of Stealth
 28408 | Gauntlet | Identified the +11 plate armour "Zionu" {rC+ Dex-4 Stlth+}
 28409 | Gauntlet | Identified the +10 dire flail "Siemm" {holy, *Corrode rElec
                  | Str+2}
 28427 | Gauntlet | Identified Buusea's Anthology of Guile and the Snowflakes
 28672 | D:12     | Noticed Nergalle
 28681 | D:12     | Killed Nergalle
 29273 | D:13     | Reached skill level 15 in Fighting
 29300 | D:13     | Found a blossoming altar of Fedhas.
 30032 | D:14     | Acquired a manual of Polearms
 30491 | D:14     | Found a gate to the Vaults.
 31007 | D:14     | Found a stormy altar of Qazlal.
 31042 | D:14     | Reached skill level 10 in Maces & Flails
 31782 | D:15     | Entered Level 15 of the Dungeon
 31782 | D:15     | Identified the +0 pair of gloves of Lixy {Str+7}
 31806 | D:14     | Reached XP level 16. HP: 133/141 MP: 0/0
 32829 | D:15     | Found a staircase to the Depths.
 33393 | D:15     | Reached skill level 10 in Stealth
 33633 | Orc:1    | Entered Level 1 of the Orcish Mines
 33745 | Orc:2    | Entered Level 2 of the Orcish Mines
 34133 | Orc:2    | Reached skill level 16 in Fighting
 34146 | Orc:2    | Found Eschorph's Antique Weapon Shop.
 34187 | Orc:2    | Found Tasiun's Antique Armour Shoppe.
 34341 | Orc:2    | Found Cehoavuss's Assorted Antiques.
 34341 | Orc:2    | Found Daloet's General Store.
 34369 | Orc:2    | Bought a scroll of fear for 108 gold pieces
 34369 | Orc:2    | Bought a glowing sling for 121 gold pieces
 34369 | Orc:2    | Bought a scroll of poison for 108 gold pieces
 34736 | Orc:2    | Found a staircase to the Elven Halls.
 35060 | Orc:1    | Reached skill level 1 in Ranged Weapons
 35079 | Orc:1    | Found a bloodstained altar of Trog.
 35250 | Orc:1    | Noticed Urug
 35251 | Orc:1    | Noticed Fannar
 35269 | Orc:2    | Killed Fannar
 35340 | Orc:1    | Killed Urug
 35564 | Snake:1  | Entered Level 1 of the Snake Pit
 36110 | Snake:1  | Found a runed translucent door.
 36110 | Snake:1  | Noticed Ekaitz's ghost (journeyman DsNe)
 36900 | Snake:1  | Noticed Frances
 36916 | Snake:1  | Killed Frances
 37072 | Snake:1  | Reached XP level 17. HP: 142/149 MP: 0/0
 37072 | Snake:1  | Learned a level 6 spell: Simulacrum
 37437 | Snake:1  | Killed Ekaitz's ghost
 37450 | Snake:1  | Acquired a manual of Evocations
 38003 | Snake:2  | Reached skill level 5 in Evocations
 39230 | Snake:3  | Found Effihaso's Distillery.
 39237 | Snake:3  | Bought 2 potions of heal wounds for 180 gold pieces
 39237 | Snake:3  | Bought a potion of heal wounds for 90 gold pieces
 39237 | Snake:3  | Bought 2 potions of might for 144 gold pieces
 39237 | Snake:3  | Bought a potion of curing for 54 gold pieces
 40188 | Snake:4  | Entered Level 4 of the Snake Pit
 40218 | Snake:4  | Reached skill level 17 in Fighting
 42011 | Snake:4  | Reached XP level 18. HP: 63/158 MP: 0/0
 42346 | Snake:4  | Got a serpentine rune of Zot
 42892 | Shoals:1 | Entered Level 1 of the Shoals
 43053 | Shoals:1 | Reached skill level 15 in Spellcasting
 43167 | Shoals:1 | Reached skill level 10 in Evocations
 44174 | Shoals:2 | Found Egruomie's Armour Emporium.
 44892 | Shoals:3 | Noticed Jorgrun
 44905 | Shoals:3 | Killed Jorgrun
 44950 | Shoals:3 | Slain by an alligator snapping turtle

Illustrated notes

Levels and vault maps discovered:
D:1:      dpeg_arrival_arbitrary_c, layout_basic
D:2:      layout_basic, shapermc_ecumenical_altar_mp_highgroup, uniq_terence,
          uniq_robin
D:3:      kennysheep_slugbush, layout_rooms, nicolae_uskayaw_suspiria,
          kennysheep_generic_room_2
D:4:      layout_basic, nicolae_overflow_hidden_temple, uniq_crazy_yiuf_cottage
D:5:      layout_cave_pools, temple_pool_b, cheibrodos_sewer_entry_sluice,
          uniq_menkaure
D:6:      layout_cave_pods, kennysheep_mini, jmf_multi_god_temple2,
          grunt_temple_overflow_open, mainiacjoe_overflow_boulevard,
          kennysheep_generic_room_9
D:7:      layout_loops_ring, hangedman_ru_absence, st_stairs_3, uniq_joseph
D:8:      layout_loops_ring, nicolae_overflow_squiral,
          lemuel_coloured_pillars_altar, minmay_manual_mares, uniq_erica
D:9:      kennysheep_blocky_hall, layout_basic,
          mainiacjoe_overflow_six_doors_small, dpeg_oklobed_lair
D:10:     gammafunk_cloud_chamber, layout_small_grid, serial_shops, shop,
          item_on_display_a, uniq_erolcha
D:11:     layout_basic, kennysheep_orc_monster_closet_entryway,
          due_unseen_surprise, uniq_psyche
D:12:     layout_cave_pools, gauntlet_entry_generic, ebering_ghost_rock_garden,
          uniq_nergalle
D:13:     layout_big_octagon, fedhas_altar_3
D:14:     layout_long_grid, hangedman_vaults_entry_quadrant_bands,
          nicolae_qazlal_style_of_elements, minmay_misc_feat_tower
D:15:     grunt_enter_depths_magical_seal, layout_rooms,
          hangedman_abyss_or_decor_passed
Temple:   kb_temple_of_zot
Lair:1:   layout_small_grid, gammafunk_ghost_ooze
Lair:2:   layout_big_grid, elwin_shoals_entry_stream,
          minmay_snake_entry_guardpost_small, gammafunk_ghost_wrathful_warriors,
          wad_woods_03
Lair:3:   layout_loops_ring, beast_lair_carwin_9, uniq_josephine
Lair:4:   layout_cave_pods, minmay_slime_entry_oklob_open,
          nicolae_quartered_pool_super, beast_lair_carwin_7, grunt_megastairs_5,
          lemuel_fruit_tree, infiniplex_staircase_pool_2, uniq_rupert
Lair:5:   grunt_lair_end_beastmaster, layout_regular_city, worms_lemuel,
          grunt_megastairs_4, lemuel_fruit_fields
Shoals:1: layout_shoals, nicolae_shoals_square_sea_wall
Shoals:2: layout_shoals, serial_shops, shop
Shoals:3: layout_shoals, nicolae_shop_gadgets, uniq_jorgrun
Snake:1:  layout_onion, hellmonk_ghost_happy_afterlife, uniq_frances
Snake:2:  layout_chambers, nicolae_snake_gridmaze_tees
Snake:3:  layout_basic, serial_shops, nicolae_shop_advertising_works
          [nicolae_subvault_shop_adworks]
Snake:4:  grunt_snake_rune_pools, layout_gridlike
Orc:1:    layout_caves, trog_butcher_becter, uniq_fannar, uniq_urug
Orc:2:    st_orc_town, layout_caves, basic_altar, nicolae_orc_bridge_out

Skill      XL: |  1  2  3  4  5  6  7  8  9 10 11 12 13 14 15 16 17 18 |
---------------+-------------------------------------------------------+-----
Stealth        | 2 3 4 5 6 8 10 12 13 | 13.5
Dodging        | 3 4 5 7 |  7.7
Spellcasting   | 4 5 6 8 9 10 11 12 13 14 15 | 15.2
Fighting       | 3 6 8 10 12 14 15 16 17 | 17.8
Maces & Flails | 3 7 8 10 | 10.5
Shields        | 1 |  1.7
Evocations     | 3 4 9 11 | 11.0
Armour         | 1 3 |  3.9
Ranged Weapons | 3 |  3.9

Action                   |  1- 3 |  4- 6 |  7- 9 | 10-12 | 13-15 | 16-18 || total
-------------------------+-------+-------+-------+-------+-------+-------++-------
Melee: Unarmed           |    11 |       |       |       |       |       ||    11
       Hand axe          |    30 |    30 |       |       |       |       ||    60
       Short sword       |       |    65 |    94 |    32 |       |       ||   191
       Punch             |       |     1 |       |     5 |       |       ||     6
       Flail             |       |       |       |   267 |   962 |  1142 ||  2371
 Fire: Sling             |       |       |       |       |       |    36 ||    36
Throw: Boomerang         |       |       |       |       |     7 |       ||     7
       Dart              |       |       |       |       |     1 |       ||     1
 Cast: Freeze            |    48 |    29 |    18 |    23 |       |       ||   118
       Foxfire           |       |    35 |    96 |   128 |    61 |     1 ||   321
       Frozen Ramparts   |       |     1 |    13 |    24 |    31 |    18 ||    87
       Ozocubu's Armour  |       |       |     2 |     1 |     9 |     2 ||    14
       Summon Lightning  |       |       |     1 |     3 |    35 |    31 ||    70
       Summon Ice Beast  |       |       |     1 |       |    30 |    15 ||    46
       Blink             |       |       |     1 |       |     3 |     5 ||     9
       Animate Armour    |       |       |       |     2 |       |       ||     2
       Silence           |       |       |       |       |     2 |     1 ||     3
       Death Channel     |       |       |       |       |     1 |    28 ||    29
       Lesser Beckoning  |       |       |       |       |       |     2 ||     2
Invok: Curse Item        |       |       |     3 |     5 |     2 |       ||    10
       Shatter the Chain |       |       |       |       |     2 |       ||     2
Evoke: Wand              |       |       |       |     9 |     9 |    10 ||    28
       Lightning rod     |       |       |       |       |     1 |    10 ||    11
  Use: Scroll            |     1 |    13 |     1 |     5 |    15 |     6 ||    41
       Potion            |       |       |       |     4 |     7 |       ||    11
 Stab: Sleeping          |     1 |     8 |     6 |     3 |    10 |    27 ||    55
       Distracted        |       |       |       |     1 |     9 |    18 ||    28
       Petrifying        |       |       |       |       |     1 |       ||     1
       Petrified         |       |       |       |       |     1 |       ||     1
Armor: Robe              |    12 |    17 |    17 |    73 |    30 |       ||   149
       Scale mail        |       |       |       |       |   262 |   233 ||   495
Dodge: Dodged            |    49 |    83 |    69 |   210 |   458 |   473 ||  1342
       Repelled          |       |       |       |     3 |     7 |    10 ||    20
Block: Other             |    19 |    21 |    32 |    42 |       |       ||   114
       Reflection        |       |     3 |     3 |     2 |    18 |    46 ||    72
       Buckler           |       |       |       |    52 |   389 |   454 ||   895
       Rpst.: Flail      |       |       |       |       |    89 |   208 ||   297

Table legend: (Time is in decaauts)
 A = Elapsed time spent in this place.
 B = Non-inter-level travel time spent in this place.
 C = Inter-level travel time spent in this place.
 D = Time resting spent in this place.
 E = Time spent auto-exploring this place.
 F = Levels seen in this place.
 G = Mean time per level.
                   A        B        C        D        E       F      G
               +--------+--------+--------+--------+--------+-----+--------+
         Total |  44408 |  42633 |   1775 |  17000 |  15532 |  32 | 1387.8 |
       Dungeon |  19964 |  18859 |   1105 |   6969 |   7930 |  15 | 1330.9 |
        Temple |    143 |    115 |     28 |      0 |     83 |   1 |  143.0 |
          Lair |  12436 |  12108 |    328 |   6222 |   3282 |   5 | 2487.2 |
        Shoals |   1982 |   1917 |     65 |     60 |   1264 |   3 |  660.7 |
     Snake Pit |   7153 |   6996 |    157 |   2842 |   2253 |   4 | 1788.2 |
  Orcish Mines |   1783 |   1694 |     89 |    426 |    633 |   2 |  891.5 |
         Sewer |    250 |    250 |      0 |    105 |     87 |   1 |  250.0 |
      Gauntlet |    694 |    694 |      0 |    375 |      0 |   1 |  694.0 |
               +--------+--------+--------+--------+--------+-----+--------+

Top non-repeatable levels by time:
  Lair:4: 5039 daAuts
    D:14: 2506 daAuts
     D:9: 2193 daAuts
  Lair:5: 2146 daAuts
 Snake:4: 2098 daAuts
     D:7: 2008 daAuts
  Lair:2: 1940 daAuts
 Snake:1: 1929 daAuts
  Lair:1: 1924 daAuts
     D:8: 1701 daAuts
 Snake:3: 1599 daAuts
 Snake:2: 1525 daAuts
     D:6: 1400 daAuts
  Lair:3: 1386 daAuts
     D:2: 1362 daAuts
